Map: Dusk Towers

Players

Ferrari - Winner!

  • Race: Zerg Zerg
  • League: Diamond

ILLBdA

  • Race: Protoss Protoss
  • League: Diamond

VOD

Have the link to the VOD?

Description

Time

  • Played on: Jan. 3, 2016, 6:23 a.m.
  • Length: 19:17
Show
View Real Time Build Order
Export as new Build Order

Ferrari Zerg - Winner!

Build Orders: Hatch First, Lurkers 

Get SALT Encoding   

  12  0:01  Drone  
  13  0:12  Overlord  
  13  0:17  Drone  
  14  0:31  Drone  
  14  0:32  Drone  
  14  0:34  Drone  
  17  0:52  Hatchery  
  17  0:54  Drone  
  17  0:57  Drone  
  18  1:06  Drone  
  18  1:08  Extractor  
  18  1:16  Spawning Pool  
  17  1:19  Drone  
  18  1:28  Drone  
  19  1:38  Overlord  
  19  1:49  Drone  
  20  2:00  Drone  
  21  2:03  Queen  
  21  2:04  Queen  
  21  2:05  Zergling x2  
  26  2:09  Metabolic Boost  
  26  2:11  Drone  
  26  2:15  Overlord  
  27  2:21  Drone  
  28  2:30  Drone  
  28  2:33  Drone  
  30  2:39  Drone, Queen  
  33  2:46  Drone  
  33  2:48  Drone  
  35  2:53  Overlord  
  35  2:58  Drone  
  36  3:08  Drone x2  
  38  3:15  Hatchery  
  38  3:19  Drone x2  
  39  3:20  Drone x3  
  39  3:26  Overlord  
  41  3:31  Zergling x4  
  43  3:37  Zergling x4  
  45  3:44  Roach Warren, Zergling x2  
  45  3:47  Overlord  
  45  3:59  Zergling x6  
  45  4:00  Zergling x8  
  45  4:02  Spore Crawler  
  51  4:05  Spore Crawler  
  51  4:07  Zergling x2  
  51  4:12  Drone  
  51  4:13  Overlord  
  52  4:25  Roach x2  
  56  4:32  Drone  
  56  4:37  Spore Crawler  
  58  4:38  Roach x2  
  58  4:39  Roach x5  
  58  4:42  Roach  
  72  4:46  Roach, Extractor  
  72  4:47  Spore Crawler  
  72  4:51  Roach  
  74  4:57  Overlord x2  
  74  5:06  Lair  
  74  5:20  Drone x3  
  77  5:22  Drone x2  
  77  5:23  Roach x3  
  77  5:24  Roach  
  87  5:29  Drone x2  
  87  5:33  Extractor  
  87  5:34  Extractor  
  87  5:38  Roach  
  87  5:39  Overlord  
  87  5:41  Overlord  
  89  5:54  Roach  
  89  5:55  Overlord x3  
  89  6:11  Roach x2  
  89  6:12  Overseer, Roach x2  
  89  6:16  Roach x2  
  99  6:18  Roach  
  99  6:19  Roach  
  99  6:23  Spine Crawler  
  102  6:29  Spine Crawler  
  102  6:30  Drone x2  
  103  6:36  Drone x3  
  106  6:50  Roach x4  
  114  6:58  Zergling x6  
  114  6:59  Zergling x4  
  117  7:06  Drone  
  117  7:07  Drone x4  
  122  7:10  Drone x2  
  122  7:14  Drone x2  
  126  7:17  Overlord  
  126  7:19  Drone  
  126  7:20  Drone  
  128  7:23  Drone  
  129  7:38  Drone x2  
  129  7:39  Drone x6  
  129  7:41  Evolution Chamber  
  129  7:42  Evolution Chamber  
  129  7:43  Glial Reconstitution  
  135  7:45  Ravager x3  
  135  7:46  Ravager x2  
  135  7:56  Drone x3  
  135  7:58  Overlord x3  
  138  7:59  Extractor x2  
  138  8:03  Queen  
  138  8:16  Hydralisk Den  
  137  8:25  Roach x3  
  139  8:30  Drone x3  
  139  8:31  Drone x3  
  139  8:32  Roach x4  
  139  8:33  Roach  
  155  8:46  Lurker Den  
  155  8:49  Zerg Missile Weapons Level 1  
  155  8:50  Zerg Ground Armor Level 1  
  155  8:56  Burrow  
  155  8:57  Hatchery, Extractor  
  155  9:00  Extractor  
  152  9:03  Hydralisk x4  
  152  9:05  Overlord x2  
  152  9:07  Zergling x2  
  161  9:22  Overlord x5  
  160  10:04  Zergling x10  
  165  10:14  Drone x3  
  165  10:15  Drone x6  
  165  10:16  Drone  
  165  10:19  Lurker x4  
  165  10:21  Hydralisk x4  
  179  10:22  Hydralisk  
  179  10:26  Drone x4  
  193  10:29  Infestation Pit  
  193  10:33  Drone x2  
  193  10:34  Drone  
  195  10:49  Lurker  
  197  10:59  Lurker x2  
  199  11:04  Infestation Pit  
  199  11:10  Spore Crawler  
  197  11:13  Spine Crawler  
  197  11:15  Drone x2, Spine Crawler  
  197  11:19  Lurker  
  197  11:20  Lurker  
  199  11:32  Pneumatized Carapace  
  199  11:41  Hive  
  199  11:42  Zerg Ground Armor Level 2, Zerg Missile Weapons Level 2  
  199  11:48  Evolution Chamber, Muscular Augments  
  198  12:15  Spine Crawler  
  198  12:16  Spine Crawler  
  198  12:18  Spine Crawler  
  195  12:26  Hydralisk x2  
  199  12:30  Spine Crawler  
  199  12:34  Spine Crawler  
  199  12:35  Spine Crawler  
  199  12:36  Spore Crawler, Spine Crawler  
  194  12:40  Ravager  
  194  12:41  Ravager x4  
  198  12:54  Lurker  
  199  13:07  Spine Crawler  
  198  13:13  Adrenal Glands  
  198  13:17  Zerg Melee Weapons Level 1  
  198  13:19  Pathogen Glands  
  198  13:20  Ultralisk Cavern  
  198  13:24  Spore Crawler  
  192  13:30  Extractor  
  192  13:31  Hatchery  
  190  13:34  Extractor  
  182  13:54  Spore Crawler, Spine Crawler, Drone x3  
  182  13:55  Drone x3  
  186  13:57  Spine Crawler  
  186  14:02  Drone x3  
  188  14:33  Zerg Ground Armor Level 3, Zerg Missile Weapons Level 3  
  188  14:35  Chitinous Plating  
  188  14:41  Spire  
  187  14:51  Ravager  
  187  14:52  Ravager x8  
  196  14:56  Lurker  
  195  15:49  Spine Crawler  
  193  15:50  Spine Crawler  
  193  15:52  Spine Crawler  
  181  16:20  Drone x15  
  181  16:21  Drone x4  
  199  16:30  Zerg Melee Weapons Level 2  
  199  16:36  Greater Spire  
  199  16:43  Extractor  
  198  16:53  Spore Crawler  
  194  17:06  Corruptor  
  194  17:07  Corruptor x6  
  194  17:08  Corruptor x2  
  179  17:13  Corruptor x2  
  179  17:14  Corruptor x4  
  182  17:20  Zergling x2  
  182  17:21  Zergling x50  
  182  17:22  Zergling x20  
  167  17:41  Corruptor  
  167  17:42  Corruptor x2  
  173  17:49  Brood Lord x5  
  173  17:50  Corruptor x2, Brood Lord x2  
  183  17:59  Brood Lord x2  
  183  18:00  Corruptor x6  
  171  18:21  Corruptor x2  
  171  18:22  Corruptor x2  
  171  18:24  Corruptor  
  181  18:32  Corruptor  
  181  18:49  Hatchery  
  181  18:52  Extractor  
Show
View Real Time Build Order
Export as new Build Order

ILLBdA Protoss 

Build Orders: Nexus First, Zealot Archon 

Get SALT Encoding   

  12  0:01  Probe (Chrono Boost)  
  13  0:11  Probe (Chrono Boost)  
  14  0:18  Pylon  
  14  0:22  Probe (Chrono Boost)  
  15  0:37  Probe (Chrono Boost)  
  16  0:47  Probe (Chrono Boost)  
  17  0:57  Nexus  
  17  1:08  Gateway  
  17  1:10  Probe (Chrono Boost)  
  18  1:16  Assimilator  
  18  1:21  Probe (Chrono Boost)  
  18  1:24  Assimilator  
  19  1:31  Probe (Chrono Boost)  
  20  1:37  Gateway  
  20  1:44  Probe (Chrono Boost)  
  21  1:57  Cybernetics Core, Probe (Chrono Boost)  
  22  2:08  Probe (Chrono Boost)  
  23  2:13  Probe (Chrono Boost)  
  24  2:20  Probe (Chrono Boost), Pylon  
  25  2:26  Probe (Chrono Boost)  
  26  2:31  Pylon  
  26  2:34  Sentry (Chrono Boost), Adept (Chrono Boost)  
  26  2:36  Warp Gate  
  30  2:44  Gateway  
  30  2:47  Gateway  
  31  2:51  Probe  
  31  3:02  Mothership Core (Chrono Boost)  
  31  3:04  Probe (Chrono Boost)  
  34  3:23  Probe (Chrono Boost)  
  34  3:24  Twilight Council  
  34  3:25  Probe (Chrono Boost)  
  36  3:33  Probe (Chrono Boost)  
  37  3:34  Assimilator  
  37  3:36  Probe (Chrono Boost)  
  40  3:44  Probe (Chrono Boost)  
  40  3:46  Probe (Chrono Boost), Pylon  
  42  3:54  Forge  
  42  3:55  Probe (Chrono Boost)  
  43  3:57  Probe (Chrono Boost)  
  42  4:05  Probe (Chrono Boost)  
  42  4:07  Dark Shrine  
  42  4:08  Probe (Chrono Boost)  
  48  4:10  Stalker x2  
  48  4:16  Probe (Chrono Boost)  
  49  4:18  Probe (Chrono Boost)  
  49  4:19  Assimilator  
  49  4:23  Dark Shrine  
  50  4:26  Probe (Chrono Boost)  
  50  4:27  Protoss Ground Weapons Level 1 (Chrono Boost)  
  50  4:30  Gateway  
  51  4:31  Gateway  
  51  4:47  Probe (Chrono Boost)  
  52  4:53  Probe  
  52  4:58  Pylon  
  52  4:59  Stalker x2  
  57  5:00  Stalker x2  
  61  5:16  Robotics Facility  
  61  5:28  Pylon  
  61  5:29  Stalker x2  
  61  5:30  Stalker x2  
  69  5:37  Pylon  
  69  5:42  Pylon  
  69  5:48  Dark Templar x2  
  73  5:53  Pylon  
  73  5:55  Stalker x2  
  77  5:59  Zealot x2  
  81  6:06  Archon  
  81  6:08  Warp Prism (Chrono Boost)  
  83  6:18  Stalker x2  
  87  6:21  Stalker  
  89  6:25  Stalker  
  89  6:26  Stalker  
  93  6:35  Stalker  
  95  6:44  Dark Templar x2  
  99  7:02  Protoss Ground Weapons Level 2  
  99  7:13  Probe  
  100  7:22  Probe  
  101  7:25  Nexus  
  101  7:29  Pylon  
  101  7:32  Pylon  
  101  7:35  Pylon  
  101  7:38  Robotics Bay  
  101  7:41  Pylon  
  101  7:44  Pylon  
  101  7:45  Pylon  
  101  7:47  Immortal (Chrono Boost)  
  105  7:55  Dark Templar  
  105  7:56  Dark Templar  
  109  8:00  Archon  
  109  8:06  Dark Templar x2  
  109  8:10  Archon  
  113  8:15  Assimilator  
  113  8:16  Probe x2  
  113  8:19  Assimilator  
  115  8:28  Probe  
  115  8:30  Disruptor (Chrono Boost)  
  115  8:37  Probe  
  115  8:38  Probe, Twilight Council  
  115  8:40  Probe  
  118  8:50  Gateway, Probe  
  118  8:52  Gateway, Dark Templar  
  118  8:53  Dark Templar, Gateway  
  123  8:56  Archon  
  123  8:57  Probe  
  123  8:58  Probe  
  123  9:02  Probe  
  126  9:06  Disruptor (Chrono Boost)  
  126  9:09  Blink (Chrono Boost)  
  129  9:24  Stalker x3, Pylon  
  129  9:25  Stalker  
  137  9:32  Photon Cannon  
  137  9:35  Photon Cannon  
  137  9:41  Observer  
  137  9:44  Stalker x2  
  142  9:45  Probe  
  142  9:46  Probe x2  
  142  9:52  Stalker  
  147  9:57  Dark Templar x2  
  151  10:00  Archon  
  151  10:01  Protoss Ground Weapons Level 3 (Chrono Boost)  
  151  10:04  Probe  
  152  10:09  Probe  
  153  10:15  Stalker  
  153  10:16  Stalker x2  
  159  10:25  Dark Templar  
  159  10:26  Zealot x2  
  165  10:31  Pylon  
  165  10:49  Immortal  
  169  11:01  Stalker x2  
  173  11:07  Pylon  
  173  11:08  Pylon  
  173  11:10  Pylon  
  173  11:25  Probe  
  174  11:28  Templar Archives, Immortal  
  174  11:31  Dark Templar x2  
  182  11:34  Photon Cannon  
  182  11:35  Archon  
  182  11:36  Dark Templar, Photon Cannon  
  184  11:40  Archon, Photon Cannon  
  184  11:43  Photon Cannon  
  184  11:46  Photon Cannon  
  184  11:49  Photon Cannon  
  184  12:05  Psionic Storm  
  184  12:07  Warp Prism  
  186  12:16  Stargate x2  
  186  12:20  Stargate  
  186  12:40  Pylon  
  186  12:45  Dark Templar x2  
  186  12:46  Dark Templar  
  191  12:53  Archon  
  191  13:00  Nexus  
  191  13:02  Fleet Beacon  
  189  13:22  Pylon  
  189  13:25  Pylon  
  189  13:30  Pylon  
  189  13:31  Pylon  
  189  13:35  Pylon  
  189  13:39  Pylon  
  189  13:47  Gateway  
  189  13:50  Gateway  
  189  13:51  Carrier  
  189  13:52  Carrier  
  189  13:54  Gateway  
  197  13:56  Gateway, Probe  
  197  13:57  Probe  
  197  14:02  Probe  
  200  14:13  Pylon  
  200  14:16  Pylon, Assimilator  
  200  14:19  Pylon  
  200  14:20  Assimilator  
  200  14:22  Pylon  
  200  14:24  Graviton Catapult (Chrono Boost)  
  200  14:28  Gravitic Drive  
  198  14:51  Pylon  
  197  15:10  Protoss Ground Armor Level 1  
  197  15:14  Pylon  
  185  15:19  Carrier x2 (Chrono Boost)  
  197  15:35  Pylon  
  197  15:38  Pylon  
  197  16:01  Photon Cannon  
  197  16:03  Gateway  
  197  16:06  Gateway  
  197  16:08  Gateway  
  197  16:10  Photon Cannon x2  
  197  16:11  Photon Cannon  
  193  16:35  Nexus  
  193  16:36  Photon Cannon  
  193  16:37  Photon Cannon, Carrier x2 (Chrono Boost)  
  193  16:38  Photon Cannon  
  197  16:43  Pylon  
  193  17:19  Carrier (Chrono Boost)  
  193  17:20  Stargate  
  193  17:22  Stargate  
  185  17:24  Stargate  
  181  17:34  High Templar x5  
  181  17:35  High Templar x2  
  181  17:36  High Templar  
  197  17:38  Archon x2  
  197  17:39  Archon  
  197  17:41  Archon  
  197  17:56  Dark Templar  
  191  18:18  Nexus  
  195  18:34  Dark Templar x2  
  191  18:49  Dark Templar x5  
  191  18:50  Dark Templar x2  
  175  18:56  Dark Templar  
  175  18:58  Stalker x2  
  175  18:59  Zealot x2  
  175  19:00  Zealot  
  161  19:04  Stalker  
  137  19:11  Stalker x3  
Tags
 
Add a new tag
Caveats
  • Supply blocks, unpowered buildings, or Contaminate may cause inaccurate times.
  • Supply counts are checked every 10 seconds.